[Event "Titled Tuesday Blitz March 22 Early 2022"]
[White "Stanisz, Patryk"]
[Black "Tsukerman, Julia"]
[WhiteFideId "1123106"]
[BlackFideId "2621649"]
[WhiteElo "1876"]
[BlackElo "2102"]
[Result "1-0"]
[Round "11"]
[TimeControl "180+1"]
[Date "2022.03.22"]
[WhiteClock "0:01:30"]
[BlackClock "0:00:42"]

1. e4 c5 2. Nf3 d6 3. d4 cxd4 4. Nxd4 Nf6 5. Nc3 a6 6. g3 e6 7. Bg2 Be7 8. O-O O-O 9. a4 Qc7 10. Be3 Nc6 11. Nb3 b6 12. Qe2 Bb7 13. Qc4 Rac8 14. Rad1 Rfd8 15. h3 Nd7 16. Kh2 Nde5 17. Qe2 Nd7 18. f4 Nf6 19. Nd2 d5 20. e5 d4 21. exf6 Bxf6 22. Nce4 dxe3 23. Nxf6+ gxf6 24. Qxe3 Ne7 25. Ne4 Qxc2 26. Rxd8+ Rxd8 27. Rf2 Qc4 28. Nxf6+ Kg7 29. Nh5+ Kf8 30. Bxb7 1-0


[Site "https://www.chess.com"]

[Event "Titled Tuesday Blitz March 22 Early 2022"]
[White "Stefanov, Plamen"]
[Black "Maevsky, Nikolay"]
[WhiteFideId "2900980"]
[BlackFideId "4198220"]
[WhiteElo "2137"]
[BlackElo "2126"]
[Result "0-1"]
[Round "11"]
[TimeControl "180+1"]
[Date "2022.03.22"]
[WhiteClock "0:00:05"]
[BlackClock "0:00:50"]

1. e4 c6 2. d4 d5 3. e5 Bf5 4. Nf3 e6 5. h3 Nd7 6. g4 Bg6 7. Bg2 h5 8. g5 h4 9. Nbd2 c5 10. Nb3 cxd4 11. Nbxd4 Ne7 12. O-O Nc6 13. Nxc6 bxc6 14. c3 Rb8 15. Qa4 Qc7 16. Re1 Be4 17. Nxh4 Rxh4 18. f3 Nb6 19. Qd4 c5 20. Qf2 Rh5 21. fxe4 dxe4 22. Rxe4 g6 23. Rf4 Rxg5 24. Rf6 Rf5 25. Rxf5 gxf5 26. Bf4 Bg7 27. Qg3 Kf8 28. Kh1 Nd7 29. Re1 Rxb2 30. Rg1 Nxe5 31. Be4 f6 32. Bb1 Qb7+ 33. Rg2 Rxb1+ 34. Kh2 Nf3+ 35. Qxf3 Qxf3 36. Bd6+ Kf7 37. Rxg7+ Kxg7 38. Bf8+ Kg6 39. Bh6 Qf2# 0-1


[Site "https://www.chess.com"]

[Event "Titled Tuesday Blitz March 22 Early 2022"]
[White "Tay, Junior"]
[Black "Ianov, Viktor"]
[WhiteFideId "5800439"]
[BlackFideId "14102730"]
[WhiteElo "2216"]
[BlackElo "2161"]
[Result "0-1"]
[Round "11"]
[TimeControl "180+1"]
[Date "2022.03.22"]
[WhiteClock "0:00:42"]
[BlackClock "0:01:08"]

1. e4 d6 2. Nc3 Nf6 3. f4 c6 4. Nf3 Qb6 5. a4 a5 6. Bc4 Bg4 7. d3 e6 8. Ra3 d5 9. Ba2 Bxa3 10. bxa3 Nbd7 11. e5 Ng8 12. d4 Bxf3 13. gxf3 Ne7 14. O-O Nf5 15. Ne2 O-O 16. Kh1 c5 17. c3 cxd4 18. cxd4 Rfc8 19. Rg1 Nf8 20. Ng3 Nxg3+ 21. Rxg3 Qc6 22. Be3 Qc2 23. Qg1 Ng6 24. Bb1 Qc3 25. f5 exf5 26. Bxf5 Rc6 27. e6 fxe6 28. Bxg6 hxg6 29. Rxg6 Rc7 30. Qg5 Qe1+ 31. Bg1 Rf8 32. Qg4 Qe2 33. Qxe6+ Qxe6 34. Rxe6 Rxf3 35. Kg2 Rxa3 36. Rd6 Rc2+ 0-1


[Site "https://www.chess.com"]

[Event "Titled Tuesday Blitz March 22 Early 2022"]
[White "Terry, Renato"]
[Black "Vokhidov, Shamsiddin"]
[WhiteFideId "3803457"]
[BlackFideId "14204223"]
[WhiteElo "2577"]
[BlackElo "2611"]
[Result "0-1"]
[Round "11"]
[TimeControl "180+1"]
[Date "2022.03.22"]
[WhiteClock "0:00:02"]
[BlackClock "0:00:06"]

1. d4 Nf6 2. Bg5 d5 3. Bxf6 exf6 4. e3 c6 5. c4 dxc4 6. Bxc4 Nd7 7. Qb3 Qe7 8. Nf3 Nb6 9. Bd3 Qb4+ 10. Nbd2 Qxb3 11. Nxb3 a5 12. Rc1 Be6 13. Bb1 Bb4+ 14. Ke2 Na4 15. Rc2 Ke7 16. Nbd2 Rhd8 17. a3 Bd6 18. Ne4 Bb3 19. Rd2 Bc7 20. Rc1 Ra6 21. Bc2 Rb6 22. Bxb3 Rxb3 23. Nc5 Nxc5 24. Rxc5 Rd5 25. Rxd5 cxd5 26. Rc2 Bd6 27. Nd2 Rb6 28. Nb1 Ke6 29. h3 f5 30. f4 f6 31. Nc3 Rc6 32. Kd3 g5 33. g3 h5 34. Nb5 Rxc2 35. Kxc2 Be7 36. Nc7+ Kd6 37. Ne8+ Kd7 38. Ng7 Bd8 39. Nxf5 Bc7 40. Kd3 Ke6 41. Ng7+ Kf7 42. Nxh5 Kg6 43. g4 f5 44. Ke2 b5 45. gxf5+ Kxh5 46. Kf3 gxf4 47. exf4 Kh4 48. f6 Bd6 49. f7 Kh5 50. b3 a4 51. bxa4 bxa4 52. f5 Kg5 53. f6 Kxf6 0-1


[Site "https://www.chess.com"]

[Event "Titled Tuesday Blitz March 22 Early 2022"]
[White "Topalov, Aleksandar"]
[Black "Batsiashvili, Nino"]
[WhiteFideId "925659"]
[BlackFideId "13602993"]
[WhiteElo "2158"]
[BlackElo "2192"]
[Result "1/2-1/2"]
[Round "11"]
[TimeControl "180+1"]
[Date "2022.03.22"]
[WhiteClock "0:02:41"]
[BlackClock "0:02:22"]

1. b3 e5 2. Bb2 d6 3. d4 exd4 4. Qxd4 Nf6 5. Nc3 c5 6. Qd2 Nc6 7. O-O-O Be6 8. e4 a5 9. Bb5 Be7 10. f4 O-O 11. Nf3 Bg4 12. Bxc6 bxc6 13. e5 dxe5 14. Qxd8 Rfxd8 15. Rxd8+ Rxd8 16. Nxe5 Bf5 1/2-1/2


[Site "https://www.chess.com"]

[Event "Titled Tuesday Blitz March 22 Early 2022"]
[White "Tsyhanchuk, Stanislav"]
[Black "Dahlgren, James Allen"]
[WhiteFideId "13505130"]
[BlackFideId "22256873"]
[WhiteElo "2078"]
[BlackElo "2125"]
[Result "1-0"]
[Round "11"]
[TimeControl "180+1"]
[Date "2022.03.22"]
[WhiteClock "0:00:39"]
[BlackClock "0:00:07"]

1. e4 e6 2. d4 c5 3. Nf3 Nf6 4. Nc3 cxd4 5. Nxd4 Nc6 6. Be3 Bb4 7. f3 d5 8. Nxc6 bxc6 9. exd5 cxd5 10. Bb5+ Bd7 11. Bxd7+ Qxd7 12. O-O O-O 13. Bd4 Rac8 14. Kh1 Rc4 15. a3 Bd6 16. Qd3 e5 17. Bf2 Qe6 18. Rad1 d4 19. Ne4 Nxe4 20. fxe4 Rfc8 21. Rd2 Bf8 22. Bg3 f6 23. Rdf2 h6 24. h3 Qc6 25. Rc1 Kh7 26. h4 Be7 27. h5 Qe8 28. Qf3 Qd7 29. c3 d3 30. Rd1 Rd8 31. Rfd2 1-0


[Site "https://www.chess.com"]

[Event "Titled Tuesday Blitz March 22 Early 2022"]
[White "Urazayev, Arystanbek"]
[Black "Yang, Kaiqi"]
[WhiteFideId "13709810"]
[BlackFideId "8604398"]
[WhiteElo "2393"]
[BlackElo "2373"]
[Result "0-1"]
[Round "11"]
[TimeControl "180+1"]
[Date "2022.03.22"]
[WhiteClock "0:01:04"]
[BlackClock "0:00:28"]

1. e4 e6 2. d4 d5 3. Nc3 Bb4 4. Ne2 dxe4 5. a3 Be7 6. g4 c5 7. Nxe4 Nc6 8. Be3 Nf6 9. Nxf6+ Bxf6 10. dxc5 Bxb2 11. Qxd8+ Kxd8 12. Ra2 Be5 13. Bg2 Bd7 14. O-O Ke7 15. f4 Bc7 16. Nc3 Na5 17. Bd4 Bc6 18. Raa1 Rad8 19. Rad1 Nc4 20. Bxc6 bxc6 21. Ne2 Rd7 22. h3 Rhd8 23. c3 Ne3 24. Rc1 Nxf1 25. Kxf1 f6 26. Kf2 e5 27. fxe5 Bxe5 28. Ke3 Rb8 29. Bxe5 fxe5 30. Ng3 Ke6 31. Ne4 h6 32. Nd6 Rb2 33. h4 Rd8 34. Rf1 Rh2 35. h5 Rh3+ 36. Kd2 Rg3 37. Rb1 Kd5 38. Kc2 Rg2+ 39. Kd3 Kxc5 0-1


[Site "https://www.chess.com"]

[Event "Titled Tuesday Blitz March 22 Early 2022"]
[White "Vakhlamov, Igor L."]
[Black "Svane, Rasmus"]
[WhiteFideId "24126748"]
[BlackFideId "4657101"]
[WhiteElo "2401"]
[BlackElo "2645"]
[Result "1/2-1/2"]
[Round "11"]
[TimeControl "180+1"]
[Date "2022.03.22"]
[WhiteClock "0:00:04"]
[BlackClock "0:00:03"]

1. e4 c6 2. Nf3 d5 3. Nc3 dxe4 4. Nxe4 Nf6 5. Qe2 Nxe4 6. Qxe4 Qa5 7. Bc4 Bf5 8. Qf4 e6 9. O-O Be7 10. c3 O-O 11. d4 Nd7 12. Re1 Rfe8 13. Nh4 Bg6 14. Nxg6 hxg6 15. g3 Qd8 16. h4 Nf6 17. Qf3 a5 18. a4 Bd6 19. Bg5 Be7 20. Rad1 Qc7 21. Bf4 Bd6 22. Bg5 Be7 23. Bf4 Qb6 24. Re2 Rad8 25. Rde1 Nd5 26. Bg5 Qc7 27. Kg2 Nf6 28. Bf4 Bd6 29. Bg5 Be7 30. Bf4 Qd7 31. Rh1 b5 32. Bb3 c5 33. dxc5 Bxc5 34. Ra1 b4 35. Bc4 Qa7 36. Bg5 Be7 37. Rae1 bxc3 38. bxc3 Rc8 39. Bb5 Red8 40. c4 Nh7 41. Bxe7 Qxe7 42. Re3 Nf6 43. Rd3 Rxd3 44. Qxd3 Rd8 45. Qf3 Qd6 46. Rc1 Qc5 47. Rd1 Rc8 48. Kg1 e5 49. Qe2 e4 50. Qe3 Qe5 51. Qd4 Qe7 52. Qd6 Kf8 53. Qxe7+ Kxe7 54. Kf1 Ke6 55. Ke2 Ke5 56. Ke3 Rc7 57. Rd8 Ng4+ 58. Ke2 f5 59. Rd5+ Ke6 60. Rd8 Ne5 61. Ra8 Nxc4 62. Bxc4+ Rxc4 63. Rxa5 Rc2+ 64. Ke3 Rc3+ 65. Ke2 Ra3 66. Ra6+ Kf7 67. Kd2 Ra2+ 68. Ke3 Ra3+ 69. Ke2 Rb3 70. a5 Ra3 71. Kd2 Ra2+ 72. Ke3 Ra3+ 73. Ke2 Rb3 74. Rb6 Ra3 75. a6 Ra2+ 76. Ke3 Ra3+ 77. Kd4 Ra2 78. Rb7+ Kf6 79. a7 g5 80. hxg5+ Kxg5 81. Rxg7+ Kf6 82. Rb7 Kg5 83. Ke5 Ra5+ 84. Kd6 Kg4 85. Kc7 Kf3 86. Kb6 Ra2 87. Rf7 Kxf2 88. Rxf5+ Kxg3 89. Ra5 Rb2+ 90. Ka6 e3 91. a8=Q e2 92. Re5 Ra2+ 93. Kb7 Rxa8 94. Kxa8 Kf2 95. Rxe2+ Kxe2 1/2-1/2


[Site "https://www.chess.com"]

[Event "Titled Tuesday Blitz March 22 Early 2022"]
[White "Valle Maytin, Luis Enrique"]
[Black "Fiol, Fabrice"]
[WhiteFideId "3503666"]
[BlackFideId "611670"]
[WhiteElo "2228"]
[BlackElo "2434"]
[Result "0-1"]
[Round "11"]
[TimeControl "180+1"]
[Date "2022.03.22"]
[WhiteClock "0:01:13"]
[BlackClock "0:00:18"]

1. e4 c5 2. Nf3 e6 3. d4 cxd4 4. Nxd4 a6 5. Nc3 b5 6. a3 Bb7 7. Be3 Qc7 8. Be2 Nf6 9. Bf3 b4 10. axb4 Bxb4 11. Qd3 Nc6 12. O-O Ne5 13. Bf4 Nxd3 14. Bxc7 Nxb2 15. Nce2 Rc8 16. Rab1 Rxc7 17. Rxb2 Bc5 18. e5 Bxf3 19. Nxf3 Ng8 20. Rb8+ Ke7 21. c3 h5 22. Ned4 Ba7 23. Rd1 Bxb8 24. Rb1 Ba7 25. h4 Nh6 26. Ra1 Bxd4 27. cxd4 Ra8 28. Ra5 Nf5 29. d5 Rb7 30. d6+ Kf8 31. Rc5 f6 32. exf6 gxf6 33. Kh2 a5 34. Nd2 a4 35. Ne4 Kf7 36. Nxf6 Kxf6 0-1


[Site "https://www.chess.com"]

[Event "Titled Tuesday Blitz March 22 Early 2022"]
[White "Vine, Elzbieta"]
[Black "Thomas, Anysia"]
[WhiteFideId "1119320"]
[BlackFideId "670472"]
[WhiteElo "1837"]
[BlackElo "2002"]
[Result "0-1"]
[Round "11"]
[TimeControl "180+1"]
[Date "2022.03.22"]
[WhiteClock "0:01:47"]
[BlackClock "0:00:50"]

1. e4 c5 2. Nf3 g6 3. d4 cxd4 4. Nxd4 Nc6 5. Nc3 Bg7 6. Be3 Nf6 7. f3 O-O 8. Qd2 d5 9. Nxc6 bxc6 10. O-O-O Be6 11. e5 Nd7 12. f4 f6 13. exf6 Nxf6 14. Be2 Qa5 15. Kb1 Rab8 16. h3 Ne4 17. Nxe4 Rxb2+ 18. Kc1 Qxa2 19. Qd3 dxe4 20. Qxe4 Bd5 21. Qd3 Rb1+ 22. Kd2 Qa5+ 23. c3 Bxc3+ 24. Kc2 Rb2+ 25. Kc1 Qa1+ 0-1


[Site "https://www.chess.com"]

[Event "Titled Tuesday Blitz March 22 Early 2022"]
[White "Vusatiuk, Vladimir"]
[Black "Prohorov, Olexandr"]
[WhiteFideId "14118610"]
[BlackFideId "14105578"]
[WhiteElo "2157"]
[BlackElo "1993"]
[Result "1/2-1/2"]
[Round "11"]
[TimeControl "180+1"]
[Date "2022.03.22"]
[WhiteClock "0:00:38"]
[BlackClock "0:01:18"]

1. a3 b5 2. e4 Bb7 3. Nc3 a6 4. d4 Nf6 5. Bd3 e6 6. Nge2 c5 7. dxc5 Bxc5 8. b4 Be7 9. Bb2 O-O 10. O-O d6 11. f4 Nbd7 12. Kh1 Rc8 13. Qe1 Nb6 14. e5 dxe5 15. fxe5 Ng4 16. Qg3 Nc4 17. Bc1 Ngxe5 18. Bf4 Ng6 1/2-1/2


[Site "https://www.chess.com"]

[Event "Titled Tuesday Blitz March 22 Early 2022"]
[White "Weetik, Vjacheslav"]
[Black "Hakobyan, Aram"]
[WhiteFideId "4153472"]
[BlackFideId "13306677"]
[WhiteElo "2469"]
[BlackElo "2557"]
[Result "1-0"]
[Round "11"]
[TimeControl "180+1"]
[Date "2022.03.22"]
[WhiteClock "0:02:44"]
[BlackClock "0:02:27"]

1. e4 e6 2. d3 d5 3. Qe2 Nf6 4. Nf3 Be7 5. g3 O-O 6. Bg2 b6 7. O-O dxe4 8. dxe4 Ba6 9. c4 Bb7 10. Nc3 c5 11. e5 Nfd7 12. Bf4 Nc6 13. Rad1 1-0


[Site "https://www.chess.com"]

[Event "Titled Tuesday Blitz March 22 Early 2022"]
[White "Zaksaite, Salomeja"]
[Black "Krzywda, Andrzej"]
[WhiteFideId "12801496"]
[BlackFideId "1114565"]
[WhiteElo "1953"]
[BlackElo "2098"]
[Result "0-1"]
[Round "11"]
[TimeControl "180+1"]
[Date "2022.03.22"]
[WhiteClock "0:00:02"]
[BlackClock "0:00:46"]

1. e4 c5 2. Nf3 g6 3. c3 d5 4. d3 Bg7 5. Be2 Nc6 6. O-O Bg4 7. h3 Bxf3 8. Bxf3 dxe4 9. Bxe4 Qc7 10. Qf3 Nf6 11. Bf4 Qb6 12. Bxc6+ bxc6 13. Nd2 O-O 14. Nc4 Qa6 15. Rfe1 Nd5 16. Bd2 Rfd8 17. Re4 Rac8 18. a3 Nb6 19. Rae1 e6 20. Bg5 Rd5 21. Bf6 Rf5 22. Rf4 Bxf6 23. Nd6 Rxf4 24. Qxf4 Nd5 25. Qf3 Rf8 26. Ne4 Be7 27. c4 Nc7 28. h4 f5 29. Nc3 Bf6 30. h5 e5 31. hxg6 hxg6 32. Qg3 Kg7 33. f4 Ne6 34. fxe5 Bg5 0-1


[Site "https://www.chess.com"]

[Event "Titled Tuesday Blitz March 22 Early 2022"]
[White "volunteers1998"]
[Black "Rostovtsev, Dmitry"]
[BlackFideId "34278320"]
[WhiteElo "2270"]
[BlackElo "2359"]
[Result "1/2-1/2"]
[Round "11"]
[TimeControl "180+1"]
[Date "2022.03.22"]
[WhiteClock "0:00:12"]
[BlackClock "0:00:11"]

1. e4 c5 2. Nf3 Nc6 3. Bb5 e5 4. O-O d6 5. c3 Bd7 6. Re1 Be7 7. d4 cxd4 8. cxd4 Nxd4 9. Bxd7+ Qxd7 10. Nxd4 exd4 11. Qxd4 Bf6 12. Qd3 Ne7 13. Nc3 Qc6 14. Nd5 O-O 15. Nxf6+ gxf6 16. Bf4 Rad8 17. Rad1 Rfe8 18. Bxd6 Ng6 19. Qg3 Rxe4 20. Rxe4 Qxe4 21. h3 Qe2 22. Qd3 Qxd3 23. Rxd3 Ne5 24. Rg3+ Kh8 25. Bxe5 fxe5 26. Rb3 Rd7 27. Kf1 Kg7 28. Ke2 f5 29. Rd3 Re7 30. Rd6 Rc7 31. Kd2 Kf7 32. Rh6 Kg7 33. Re6 e4 34. g4 fxg4 35. hxg4 Rf7 36. Ke2 Rf4 37. g5 Rg4 38. Re7+ Kg6 39. Rxb7 a5 40. Rb5 Rxg5 41. Rxg5+ Kxg5 42. f3 exf3+ 43. Kxf3 Kf5 44. b3 Ke5 45. a3 Kd5 46. b4 axb4 47. axb4 Kc4 48. Kg4 Kb5 49. Kh5 Kxb4 50. Kh6 Kc5 51. Kxh7 1/2-1/2